Map: 카탈리스트 - 래더

Players

soO - Winner!

  • Race: Zerg Zerg
  • League: Master
  • Spawn Location: 11:00

MMA

  • Race: Terran Terran
  • Spawn Location: 5:00

Event: HomeStory Cup XVII

VOD

Have the link to the VOD?

Description

Time

  • Played on: June 29, 2018, 6:21 a.m.
  • Length: 9:09

All games in this series

Show
View Real Time Build Order
Export as new Build Order

soO Zerg - Winner!

Build Orders: Pool First 

Get SALT Encoding   

  12  0:01  Drone  
  13  0:12  Overlord  
  13  0:17  Drone  
  14  0:30  Drone  
  14  0:31  Drone  
  14  0:34  Drone  
  17  0:45  Drone, Extractor  
  17  0:50  Spawning Pool  
  17  0:55  Drone  
  17  1:08  Drone  
  18  1:18  Hatchery  
  17  1:21  Drone  
  18  1:36  Zergling x2  
  18  1:37  Queen  
  21  1:43  Overlord  
  21  1:50  Metabolic Boost  
  21  1:55  Drone  
  22  2:06  Drone  
  23  2:13  Queen, Drone  
  26  2:26  Drone  
  27  2:30  Queen, Drone  
  27  2:35  Zergling x2  
  31  2:44  Spore Crawler  
  31  2:45  Drone x2  
  33  2:52  Overlord  
  33  2:56  Spore Crawler, Drone  
  33  2:57  Drone x2  
  35  3:11  Drone x2  
  37  3:13  Drone  
  37  3:17  Drone  
  37  3:18  Hatchery  
  38  3:24  Drone x3  
  41  3:28  Overlord  
  40  3:35  Overlord  
  40  3:36  Drone  
  41  3:41  Queen  
  41  3:45  Overlord  
  43  3:49  Zergling x8  
  47  3:56  Roach Warren  
  47  3:58  Drone x2  
  47  3:59  Drone  
  47  4:01  Drone  
  50  4:04  Overlord  
  50  4:09  Drone x3  
  53  4:11  Extractor  
  53  4:17  Drone x2  
  54  4:28  Zergling x6  
  57  4:40  Roach x5  
  57  4:41  Roach  
  57  4:42  Roach  
  70  4:48  Roach  
  70  4:49  Roach  
  70  4:52  Roach  
  73  4:54  Overlord x2  
  68  5:02  Roach x2  
  68  5:03  Roach  
  68  5:04  Queen x2  
  68  5:06  Roach  
  74  5:17  Zergling x2, Extractor  
  74  5:18  Zergling x4  
  74  5:19  Ravager  
  77  5:24  Ravager  
  77  5:25  Spore Crawler  
  77  5:26  Zergling x6  
  80  5:35  Zergling x2  
  80  5:44  Zergling x2  
  80  5:48  Drone x2  
  83  5:50  Overlord  
  83  5:51  Ravager  
  83  5:52  Ravager  
  83  5:53  Overlord  
  83  5:54  Drone x5  
  83  5:55  Overlord  
  90  6:02  Drone  
  90  6:03  Overlord  
  90  6:06  Overlord  
  86  6:12  Zergling x2  
  86  6:16  Lair, Drone  
  86  6:17  Drone  
  86  6:20  Drone x3  
  86  6:21  Drone  
  86  6:23  Drone x2  
  91  6:30  Drone x3  
  91  6:31  Drone x2  
  91  6:32  Drone  
  94  6:36  Drone x2  
  94  6:39  Spore Crawler  
  93  6:40  Spore Crawler  
  92  6:48  Zergling x12  
  92  6:52  Queen  
  100  6:55  Extractor  
  100  6:56  Extractor  
  100  7:00  Drone x3  
  101  7:02  Drone  
  101  7:04  Drone  
  103  7:10  Drone  
  103  7:11  Drone  
  105  7:17  Drone, Hatchery, Evolution Chamber  
  105  7:18  Evolution Chamber  
  105  7:21  Glial Reconstitution  
  103  7:23  Drone x2  
  103  7:24  Hydralisk Den  
  103  7:25  Overseer  
  104  7:31  Drone  
  104  7:43  Drone  
  103  7:45  Drone x4  
  103  7:46  Extractor  
  106  7:53  Muscular Augments  
  106  7:55  Hydralisk x8  
  106  7:56  Hydralisk  
  106  7:57  Overlord  
  124  8:00  Overlord  
  124  8:03  Hydralisk x2  
  128  8:10  Overlord  
  128  8:12  Overseer  
  128  8:22  Hydralisk x3  
  128  8:23  Hydralisk x2  
  137  8:33  Drone  
  137  8:34  Drone x6  
  144  8:36  Roach x4  
  152  8:46  Roach x3  
Show
View Real Time Build Order
Export as new Build Order

MMA Terran 

Build Orders: Gas First Reaper Expand, Liberator Opening, Reaper Expand 

Get SALT Encoding   

  12  0:01  SCV  
  13  0:13  SCV  
  14  0:17  Supply Depot  
  14  0:25  SCV  
  15  0:29  Refinery  
  15  0:38  SCV  
  16  0:44  Barracks  
  16  0:50  SCV  
  17  1:02  SCV  
  18  1:15  SCV  
  19  1:31  Orbital Command, Reaper  
  20  1:42  Command Center  
  20  1:53  Factory  
  20  1:56  SCV  
  21  2:01  Refinery  
  21  2:06  Barracks Reactor  
  21  2:08  SCV  
  21  2:14  Supply Depot  
  22  2:21  SCV  
  23  2:35  SCV  
  24  2:37  Hellion  
  24  2:39  Starport  
  26  2:45  Marine x2  
  26  2:48  SCV  
  29  2:54  Orbital Command  
  28  3:00  SCV  
  28  3:10  Hellion x2  
  28  3:12  Marine  
  33  3:18  Medivac  
  35  3:28  SCV x2  
  35  3:33  Armory  
  36  3:37  Hellion  
  36  3:38  Hellion  
  40  3:45  SCV x2  
  42  3:50  Supply Depot  
  42  3:57  Liberator  
  42  3:59  Hellion, SCV  
  42  4:01  SCV  
  46  4:12  Hellion, SCV  
  46  4:16  Supply Depot  
  52  4:18  SCV  
  52  4:24  SCV  
  54  4:37  SCV x2  
  54  4:38  Hellion x2  
  52  4:50  Hellion, SCV  
  51  4:53  SCV  
  51  4:59  Hellion x2  
  53  5:02  SCV  
  52  5:08  SCV  
  52  5:09  Starport Tech Lab  
  52  5:14  SCV  
  42  5:20  Cyclone x2, Supply Depot, SCV  
  49  5:26  SCV  
  50  5:31  Banshee  
  50  5:32  Cloaking Field, SCV  
  54  5:38  SCV  
  55  5:44  SCV  
  56  5:50  SCV  
  56  5:52  Orbital Command, Supply Depot x2  
  53  5:57  Hellion x2  
  55  6:13  SCV  
  55  6:14  Orbital Command, Banshee  
  51  6:21  Hellion x2  
  52  6:25  SCV  
  52  6:37  SCV  
  50  6:40  SCV  
  50  6:46  Supply Depot  
  53  6:47  Supply Depot  
  53  6:48  Supply Depot  
  51  6:54  Command Center  
  51  6:58  SCV x2  
  53  7:05  Terran Vehicle Weapons Level 1  
  53  7:07  Banshee  
  56  7:09  Cyclone  
  56  7:13  Cyclone  
  62  7:16  Supply Depot  
  62  7:20  SCV x2  
  64  7:28  Supply Depot  
  64  7:29  Refinery  
  64  7:31  Refinery  
  64  7:32  SCV x2  
  66  7:43  Hellion  
  68  7:45  Hellion  
  68  7:46  Barracks Tech Lab  
  68  7:50  SCV x2  
  72  7:55  Factory  
  72  7:56  Factory  
  72  7:59  Starport Reactor  
  72  8:02  SCV  
  72  8:03  SCV  
  71  8:08  Hellion x2  
  75  8:14  SCV  
  75  8:15  SCV  
  77  8:29  SCV x2  
  77  8:34  Armory  
  76  8:35  Hellion x2  
  76  8:38  Orbital Command  
  80  8:41  SCV  
  80  8:42  SCV  
  82  8:49  Supply Depot  
  82  8:54  Factory, SCV x2  
  82  8:55  Factory  
Tags
 
Add a new tag
Caveats
  • Supply blocks, unpowered buildings, or Contaminate may cause inaccurate times.
  • Supply counts are checked every 10 seconds.